 Dungeon Crawl Stone Soup version 0.21-a0-442-g848f44b (webtiles) character file.

594 Gildeon the Covered (level 7, -2/61 HPs)
             Began as a Minotaur Hunter on Nov 16, 2017.
             Splashed by a jelly's acid (8 damage)
             ... on level 5 of the Dungeon.
             The game lasted 00:21:38 (3852 turns).

Gildeon the Covered (Minotaur Hunter)               Turns: 3852, Time: 00:21:39

Health: -2/61      AC: -3    Str: 17    XL:     7   Next: 16%
Magic:  6/6        EV: 13    Int: 10    God:
Gold:   257        SH:  0    Dex: 10    Spells: 6/6 levels left

rFire    . . .     SeeInvis .   a - +1 shortbow
rCold    . . .     Gourm    .   (shield currently unavailable)
rNeg     . . .     Faith    .   c - +0 leather armour
rPois    .         Spirit   .   (helmet restricted)
rElec    .         Reflect  .   (no cloak)
rCorr    .         Harm     .   (no gloves)
MR       .....                  j - +0 pair of boots
Stlth    +.........             (no amulet)
HPRegen  0.20/turn              t - ring of flight
MPRegen  0.10/turn              (no ring)

@: corroded
A: retaliatory headbutt, horns 2
a: Evoke Flight


You were on level 5 of the Dungeon.
You were not hungry.

You visited 1 branch of the dungeon, and saw 5 of its levels.

You collected 257 gold pieces.

Inventory:

Hand Weapons
 a - a +1 shortbow (weapon)
 r - a +0 war axe
Missiles
 i - 121 arrows (quivered)
Armour
 c - a +0 leather armour (worn)
 j - a +0 pair of boots (worn)
Jewellery
 t - a ring of flight (left hand)
Scrolls
 d - 6 scrolls of remove curse
 g - a scroll of magic mapping
 o - 2 scrolls of teleportation
 q - 2 scrolls of amnesia
Potions
 b - 2 potions of lignification {unknown}
 e - 2 potions of berserk rage
 h - 2 potions of might
 k - a potion of mutation {unknown}
 l - 2 potions of heal wounds {unknown}
 m - a potion of degeneration {unknown}
 n - 2 potions of resistance
 p - 2 potions of brilliance {unknown}
 u - 2 potions of curing {unknown}
Comestibles
 f - a bread ration
 s - a meat ration
 v - 2 royal jellies


   Skills:
 - Level 5.0 Fighting
 - Level 5.0 Bows
 - Level 5.4 Armour
 - Level 5.1 Dodging
 + Level 0.7 Stealth


You had 6 spell levels left.
You didn't know any spells.

Dungeon Overview and Level Annotations

Branches:
Dungeon (5/15)
 Temple: D:4-7

Altars:
Yredelemnul


Innate Abilities, Weirdness & Mutations

You reflexively headbutt those who attack you in melee.
You have a pair of horns on your head.


Message History

The jelly hits you.
You are splashed with acid!
The acid burns!
Firing (i - inventory):
i - 123 arrows (quivered)
Press: ? - help, Shift-Dir - straight line, f/p - jelly
Aim: a jelly (severely wounded)
You shoot an arrow.
The arrow hits the jelly but does no damage.
The jelly is severely wounded.
The jelly hits you. The acid corrodes you!
You are splashed with acid!
The acid burns!
* * * LOW HITPOINT WARNING * * *
Firing (i - inventory):
i - 122 arrows (quivered)
Press: ? - help, Shift-Dir - straight line, f/p - jelly
Aim: a jelly (severely wounded)
You shoot an arrow.
The arrow hits the jelly but does no damage.
The jelly is severely wounded.
The jelly hits you.
* * * LOW HITPOINT WARNING * * *
You are splashed with acid!
The acid burns!
You die...

.## ###.(#
####.....#
#........(
#........(
#...(..(..
#..(.....#
#.@J.....+
####.....#
+####


You could see a jelly.

Vanquished Creatures
  Sigmund (D:4)
  A sky beast (D:5)
  A scorpion (D:4)
  An orc wizard (D:3)
  A gnoll shaman (D:4)
  A worker ant (D:4)
  5 gnolls (D:4)
  3 adders (D:3)
  An adder skeleton (D:4)
  3 worms
  3 dart slugs
  3 leopard geckos
  13 orcs
  6 bats
  3 giant cockroaches
  2 gnoll zombies (D:2)
  15 goblins
  14 hobgoblins
  2 jackals (D:4)
  2 quokkas
  A ball python (D:3)
  5 frilled lizards
  14 kobolds
  6 rats
107 creatures vanquished.

Notes
Turn   | Place    | Note
-------+----------+-------------------------------------------
     0 | D:1      | Gildeon the Minotaur Hunter began the quest for the Orb.
     0 | D:1      | Reached XP level 1. HP: 18/18 MP: 0/0
    44 | D:1      | Reached XP level 2. HP: 25/25 MP: 1/1
    50 | D:1      | Reached skill level 5 in Bows
   571 | D:1      | Reached XP level 3. HP: 31/31 MP: 2/2
   883 | D:2      | Found a basalt altar of Yredelemnul.
  1492 | D:3      | Reached XP level 4. HP: 26/41 MP: 3/3
  1625 | D:3      | Reached skill level 5 in Fighting
  2143 | D:4      | Reached XP level 5. HP: 48/48 MP: 4/4
  2477 | D:4      | Reached skill level 5 in Dodging
  2477 | D:4      | Reached XP level 6. HP: 41/56 MP: 5/5
  2807 | D:4      | Reached skill level 1 in Armour
  3045 | D:4      | Noticed Sigmund
  3060 | D:4      | Killed Sigmund
  3836 | D:5      | Entered Level 5 of the Dungeon
  3836 | D:5      | Noticed a sky beast
  3848 | D:5      | Killed a sky beast
  3848 | D:5      | Reached skill level 5 in Armour
  3848 | D:5      | Reached XP level 7. HP: 29/61 MP: 6/6
  3852 | D:5      | Splashed by a jelly's acid

Vault maps used:
D:1:      minmay_arrival_hallway
D:2:      lemuel_zombie_altar_yredelemnul
D:4:      corexii_shantytown, uniq_sigmund
D:5:      grunt_temple_overflow_open, elyvilon_altar_5, first_bread

Skill      XL: |  1  2  3  4  5  6 |
---------------+-------------------+-----
Bows           | 5 |  5.0
Fighting       | 3 4 5 |  5.0
Dodging        | 4 5 |  5.1
Armour         | 5 |  5.4
Stealth        | |  0.7

Action                   |  1- 3 |  4- 6 |  7- 9 || total
-------------------------+-------+-------+-------++-------
 Fire: Shortbow          |   115 |   204 |     4 ||   323
  Use: Scroll            |    10 |     2 |       ||    12
  Eat: Bread ration      |     1 |       |       ||     1
       Chunk             |       |     4 |       ||     4
Armor: Leather armour    |     4 |    19 |       ||    23
Dodge: Dodged            |    23 |    73 |     2 ||    98

Table legend:
 A = Spawn XP
 B = Non-spawn XP
 C = Spawn XP percentage of total XP
 D = Spawn monster count
 E = Non-spawn monster count
 F = Spawn count percentage of total count
 G = Total turns spent on level
                    A         B        C        D         E        F      G
               +---------+---------+-------+---------+---------+-------+---------
         Total |       0 |     849 |   0.0 |       0 |     107 |   0.0 |  3852
               +---------+---------+-------+---------+---------+-------+---------
           D:1 |       0 |      44 |   0.0 |       0 |      24 |   0.0 |   687
           D:2 |       0 |      37 |   0.0 |       0 |      16 |   0.0 |   790
           D:3 |       0 |     108 |   0.0 |       0 |      19 |   0.0 |   619
           D:4 |       0 |     533 |   0.0 |       0 |      47 |   0.0 |  1740
           D:5 |       0 |     127 |   0.0 |       0 |       1 |   0.0 |    16
               +---------+---------+-------+---------+---------+-------+---------
